 Dungeon Crawl Stone Soup version 0.25-b1-50-g7b83aa72e5 (webtiles) character file.

Game seed: 7824024393292009235

1708 Dirian the Carver (level 8, -9/105 HPs)
             Began as a Minotaur Fighter on June 12, 2020.
             Mangled by a gnoll
             ... wielding a +2 halberd of pain
              (10 damage)
             ... while paralysed by a gnoll
             ... on level 5 of the Dungeon.
             The game lasted 00:08:57 (5580 turns).

Dirian the Carver (Minotaur Fighter)                Turns: 5580, Time: 00:08:58

Health: -9/105     AC: 10    Str: 23    XL:     8   Next: 73%
Magic:  7/7        EV:  2    Int:  5    God:
Gold:   66         SH:  0    Dex: 10    Spells: 7/7 levels left

rFire    . . .     SeeInvis .   a - +0 long sword
rCold    . . .     Gourm    .   c - +1 kite shield
rNeg     . . .     Faith    .   k - +0 chain mail
rPois    .         Spirit   .   (helmet restricted)
rElec    .         Reflect  .   (no cloak)
rCorr    .         Harm     .   (no gloves)
MR       .....                  (no boots)
Stlth    ..........             (no amulet)
HPRegen  0.27/turn              (no ring)
MPRegen  0.10/turn              (no ring)

@: paralysed, mighty, berserking, lethally poisoned (-9 -> -9)
A: retaliatory headbutt, horns 2
a: no special abilities


You were on level 5 of the Dungeon.
You were not hungry.

You visited 1 branch of the dungeon, and saw 5 of its levels.

You collected 855 gold pieces.
You spent 789 gold pieces at shops.

Inventory:

Hand Weapons
 a - a +0 long sword (weapon)
 n - a +0 dagger of venom
 x - a +0 dagger of venom
Armour
 c - a +1 kite shield (worn)
 k - a +0 chain mail (worn)
 o - a +0 tower shield
Jewellery
 h - an uncursed ring of magical power {unknown}
 t - an uncursed ring of protection from cold {unknown}
Wands
 g - a wand of flame (20)
 i - a wand of disintegration (12)
 p - a wand of clouds (7)
 s - a wand of acid (10)
 u - a wand of paralysis (4)
 w - a wand of iceblast (11)
Scrolls
 b - a scroll of immolation
Potions
 d - a potion of might
 f - a potion of resistance {unknown}
 j - 2 potions of mutation
 l - 2 potions of degeneration
 m - a potion of brilliance {unknown}
 q - 4 potions of curing
 r - a potion of haste {unknown}
 v - 3 potions of heal wounds
 z - 2 potions of ambrosia
 A - a potion of lignification
 B - a potion of flight
Comestibles
 e - 9 rations


   Skills:
 + Level 5.8 Fighting
 * Level 10.4 Long Blades
 + Level 6.5 Armour
 + Level 6.2 Shields


You had 7 spell levels left.
You didn't know any spells.
Your spell library was empty.

Dungeon Overview and Level Annotations

Branches:
Dungeon (5/15)
 Temple: D:4-7

Altars:
Gozag
Nemelex Xobeh
Trog
The Shining One

Shops:
D:5 !!}(

Annotations:
D:5 1 transporter


Innate Abilities, Weirdness & Mutations

You reflexively headbutt those who attack you in melee.
You have a pair of horns on your head.


Message History

Your headbutt misses the gnoll sergeant.
The gnoll sergeant is heavily wounded.
The gnoll hits you but does no damage.
The gnoll zaps a wand.
You suddenly lose the ability to move!
The gnoll sergeant hits you with a +0 spear.
* * * LOW HITPOINT WARNING * * *
The gnoll hits you but does no damage. x2
The gnoll hits you from afar with a +0 spear.
* * * LOW HITPOINT WARNING * * *
You feel sick.
The gnoll sergeant hits you with a +0 spear.
* * * LOW HITPOINT WARNING * * *
The gnoll hits you from afar with a +2 halberd of pain!
* * * LOW HITPOINT WARNING * * *
The gnoll hits you from afar with a +0 spear.
* * * LOW HITPOINT WARNING * * *
The gnoll hits you but does no damage.
The gnoll sergeant hits you but does no damage.
The gnoll hits you from afar with a +2 halberd of pain!
You die...

.....#.≈≈#..###.###..#≈≈.#
.....#.≈≈#.....g....g#≈≈.#
.......≈≈###g##g##g###≈≈.#
.......≈≈..#.#$$g#.#..≈≈.#
.....#.≈≈.##.#..?#g##.≈≈.#
.....#.≈≈.#..#=:=#g©#(≈≈.#
.....#.≈≈.##.#####.##.≈≈.##
.....#.≈≈..#.#8⌠8#g#......#
.....#.≈≈.©#.'.©@'g#©.....#
.....#.≈≈..#.#..g#g#......#
.....#.≈≈.##.##.##.##.≈≈..#
.....#.≈≈.#..#...#..#.≈≈..#
.....'.≈≈.##.'...'.##.≈≈..#
.....#.≈≈..#.#...#.#..≈≈..#
######.≈≈###.##'##.###≈≈..#
.......≈≈#...........#≈≈..#
.......≈≈#..###.###..#≈≈..#


You could see a gnoll sergeant and 3 gnolls.

Vanquished Creatures
  The ghost of Matius the Poker, a novice OpCK of Xom (D:4)
  Sigmund (D:5)
  The ghost of nihilominus the Chopper, an amateur MiBe of Trog (D:5)
  A water moccasin (D:5)
  Edmund (D:4)
  A centaur (D:5)
  An ogre (D:4)
  A bullfrog (D:4)
  2 gnoll sergeants (D:5)
  A scorpion (D:5)
  A bullfrog zombie (D:5)
  A crimson imp (D:5)
  An orc priest (D:4)
  Ijyb (D:3)
  Natasha (thrice) (D:4)
  2 orc wizards
  A worker ant (D:5)
  4 gnolls
  7 adders
  2 oozes
  2 adder skeletons (D:4)
  4 worms
  2 dart slugs (D:2)
  A leopard gecko (D:2)
  15 orcs
  4 ball pythons
  2 giant cockroaches (D:3)
  16 goblins
  9 hobgoblins
  11 jackals
  3 kobolds
  3 quokkas (D:2)
  21 bats
  8 frilled lizards
  A leopard gecko skeleton (D:5)
  11 rats
147 creatures vanquished.

Vanquished Creatures (others)
  6 plants (D:5)
6 creatures vanquished.

Grand Total: 153 creatures vanquished

Notes
Turn   | Place    | Note
-------+----------+-------------------------------------------
     0 | D:1      | Dirian the Minotaur Fighter began the quest for the Orb.
     0 | D:1      | Reached XP level 1. HP: 19/19 MP: 0/0
    96 | D:1      | Reached XP level 2. HP: 27/27 MP: 1/1
   818 | D:1      | Reached skill level 3 in Long Blades
   937 | D:2      | Reached XP level 3. HP: 33/33 MP: 2/2
  1487 | D:2      | Reached XP level 4. HP: 40/40 MP: 3/3
  1501 | D:2      | Reached skill level 4 in Long Blades
  2233 | D:3      | Reached XP level 5. HP: 46/46 MP: 4/4
  2386 | D:3      | Reached skill level 5 in Long Blades
  2719 | D:3      | Noticed Ijyb
  2761 | D:3      | Paralysed by Ijyb for 2 turns
  2768 | D:3      | Killed Ijyb
  2875 | D:3      | Reached XP level 6. HP: 53/53 MP: 5/5
  3138 | D:4      | Noticed Edmund
  3149 | D:4      | Killed Edmund
  3149 | D:4      | Reached skill level 6 in Long Blades
  3149 | D:4      | Reached skill level 5 in Shields
  3326 | D:4      | Noticed Natasha
  3342 | D:4      | Killed Natasha
  3430 | D:4      | Noticed Natasha
  3446 | D:4      | Killed Natasha
  3446 | D:4      | Reached skill level 7 in Long Blades
  3556 | D:4      | Noticed Natasha
  3562 | D:4      | Killed Natasha
  3562 | D:4      | Reached XP level 7. HP: 47/60 MP: 6/6
  3680 | D:4      | Found a runed translucent gate.
  3681 | D:4      | Found a runed translucent gate.
  3682 | D:4      | Found a runed translucent gate.
  3683 | D:4      | Found an opulent altar of Gozag.
  3684 | D:4      | Noticed Matius's ghost (novice OpCK)
  3890 | D:4      | Found a glowing golden altar of the Shining One.
  4390 | D:4      | Reached skill level 5 in Armour
  4400 | D:4      | Killed Matius's ghost
  4400 | D:4      | Reached skill level 5 in Fighting
  4400 | D:4      | Reached skill level 8 in Long Blades
  4466 | D:5      | Entered Level 5 of the Dungeon
  4471 | D:5      | Found Wollucac's Gadget Boutique.
  4497 | D:5      | Identified a scroll of acquirement
  4499 | D:5      | Found Zygyexip's Distillery.
  4507 | D:5      | Bought a potion of curing for 39 gold pieces
  4507 | D:5      | Bought a potion of curing for 39 gold pieces
  4507 | D:5      | Bought a potion of mutation for 104 gold pieces
  4507 | D:5      | Bought a potion of ambrosia for 104 gold pieces
  4507 | D:5      | Bought a potion of lignification for 39 gold pieces
  4507 | D:5      | Bought a potion of might for 52 gold pieces
  4507 | D:5      | Bought a potion of flight for 39 gold pieces
  4507 | D:5      | Bought a potion of ambrosia for 104 gold pieces
  4507 | D:5      | Bought a potion of berserk rage for 65 gold pieces
  4507 | D:5      | Bought a potion of curing for 39 gold pieces
  4541 | D:5      | Reached XP level 8. HP: 68/68 MP: 7/7
  4545 | D:5      | Found Zoane's Distillery.
  4549 | D:5      | Reached skill level 9 in Long Blades
  4558 | D:5      | Bought a potion of heal wounds for 75 gold pieces
  4558 | D:5      | Bought a potion of heal wounds for 75 gold pieces
  4558 | D:5      | Bought a potion of degeneration for 15 gold pieces
  4739 | D:5      | Found a bloodstained altar of Trog.
  4741 | D:5      | Found a sparkling altar of Nemelex Xobeh.
  4963 | D:5      | Found a transporter.
  4969 | D:5      | Found a transporter.
  4972 | D:5      | Identified the +7 spear "Ruqaamur" {venom, +Fly}
  4972 | D:5      | Noticed nihilominus's ghost (amateur MiBe)
  5010 | D:5      | Noticed Sigmund
  5022 | D:5      | Killed Sigmund
  5231 | D:5      | Found Ahigeur's Weapon Emporium.
  5555 | D:5      | Reached skill level 10 in Long Blades
  5560 | D:5      | Killed nihilominus's ghost
  5577 | D:5      | Paralysed by a gnoll for 5 turns
  5579 | D:5      | HP: 3/105 [gnoll/+2 halberd of pain (11)]
  5579 | D:5      | HP: 1/105 [gnoll/+0 spear (2)]
  5580 | D:5      | Mangled by a gnoll

Illustrated notes

Levels and vault maps discovered:
D:1:      sevenhm_arrival_forest_fort_small_4, layout_basic,
          corexii_leaking_fountain
D:2:      layout_rooms, minmay_joined_circles
D:3:      kennysheep_the_goblin_king, layout_loops_ring
D:4:      wad_crossroads, layout_basic, tso_altar, ebering_ghost_gozag,
          first_ration, uniq_edmund, uniq_natasha
D:5:      layout_gridville, minitemple, serial_shops, shop, shop, shop_statue,
          nicolae_shop_statue_plus, gammafunk_ghost_gnarly_gnolls,
          grunt_decor_cap, roderic_batcave, chequers_avenue, dk_noncrumbling_4,
          uniq_sigmund

Skill      XL: |  1  2  3  4  5  6  7  8 |
---------------+-------------------------+-----
Shields        | 4 5 6 |  6.2
Armour         | 4 5 6 |  6.5
Fighting       | 4 5 |  5.8
Long Blades    | 3 4 5 7 8 10 | 10.4

Action                   |  1- 3 |  4- 6 |  7- 9 || total
-------------------------+-------+-------+-------++-------
Melee: Long sword        |    84 |   265 |    88 ||   437
       Headbutt          |     9 |    51 |    17 ||    77
  Use: Scroll            |       |     5 |     3 ||     8
       Potion            |       |       |     4 ||     4
  Eat: Chunk             |     2 |     7 |     4 ||    13
       Ration            |       |       |     1 ||     1
Armor: Scale mail        |    23 |       |       ||    23
       Chain mail        |    13 |   155 |    51 ||   219
Dodge: Dodged            |    20 |    34 |    22 ||    76
Block: Kite shield       |    34 |   110 |    55 ||   199
       Rpst.: Long sword |     5 |     8 |     1 ||    14
